 Dungeon Crawl Stone Soup version 0.25-a0-258-g6d7e32a812 (webtiles) character file.

Game seed: 5297267236902624598, levelgen mode: deterministic

16 Essalna the Skirmisher (level 2, -2/24 HPs)
             Began as a Demonspawn Berserker on Dec 6, 2019.
             Was a Follower of Trog.
             Slain by a leopard gecko (4 damage)
             ... on level 1 of the Dungeon.
             The game lasted 00:01:19 (337 turns).

Essalna the Skirmisher (Demonspawn Berserker)        Turns: 337, Time: 00:01:20

Health: -2/24      AC:  2    Str: 17    XL:     2   Next: 37%
Magic:  2/2        EV: 12    Int:  8    God:    Trog [*.....]
Gold:   25         SH:  0    Dex: 12    Spells: 1/1 levels left

rFire    . . .     SeeInvis .   a - +0 falchion
rCold    . . .     Gourm    .   (no shield)
rNeg     . . .     Faith    .   b - +0 animal skin
rPois    .         Spirit   .   (no helmet)
rElec    .         Reflect  .   (no cloak)
rCorr    .         Harm     .   (no gloves)
MR       .....                  (no boots)
Stlth    ++........             (no amulet)
HPRegen  0.08/turn              (no ring)
MPRegen  0.08/turn              (no ring)

@: no status effects
A: nightstalker 1
a: Berserk, Renounce Religion


You were on level 1 of the Dungeon.
You worshipped Trog.
Trog was aware of your devotion.
You were not hungry.

You visited 1 branch of the dungeon, and saw 1 of its levels.

You collected 25 gold pieces.

Inventory:

Hand Weapons
 a - a +0 falchion (weapon)
Armour
 b - a +0 animal skin (worn)
Scrolls
 d - a scroll of enchant armour {unknown}
 f - a scroll of amnesia {unknown}
 g - 2 scrolls of enchant weapon {unknown}
Potions
 e - a potion of mutation {unknown}
 i - a potion of flight {unknown}
Comestibles
 c - 3 rations


   Skills:
 + Level 3.3 Fighting
 + Level 3.0 Long Blades
 + Level 2.1 Armour
 - Level 1.7 Dodging


You had one spell level left.
You didn't know any spells.
Your spell library was empty.

Dungeon Overview and Level Annotations

Branches:
Dungeon (1/15)

Altars:


Innate Abilities, Weirdness & Mutations

You are slightly more attuned to the shadows.


Message History

The leopard gecko is almost dead.
The kobold closely misses you.
You riposte.
You completely miss the kobold. The leopard gecko bites you.
The kobold misses you.
You riposte.
You hit the kobold.
The kobold is moderately wounded.
The leopard gecko bites you. The kobold barely misses you.
You riposte.
You hit the kobold but do no damage.
The kobold is moderately wounded.
The leopard gecko bites you.
* * * LOW HITPOINT WARNING * * *
The kobold barely misses you. The leopard gecko bites you.
* * * LOW HITPOINT WARNING * * *
The kobold misses you. The leopard gecko barely misses you.
The leopard gecko closely misses you. The kobold barely misses you.
You riposte.
You hit the kobold.
You kill the kobold!
Trog accepts your kill.
Your Long Blades skill increases to level 3!
The leopard gecko bites you.
You die...

#. .. !.#.# #.#.# # #.#.#
..#.#.#.#####J .....
#.......)....... ......
.......l@....... ......#
#....####.##### ......#
#....# #.# ......#
#...####.#######
......####..............#
......##..........#######
......##......###.#
......##......# #.#
......#......####.#


You could see a leopard gecko.

Vanquished Creatures
  A dart slug (D:1)
  A leopard gecko (D:1)
  2 giant cockroaches (D:1)
  4 goblins (D:1)
  A ball python (D:1)
  A frilled lizard (D:1)
  A kobold (D:1)
  2 rats (D:1)
13 creatures vanquished.

Notes
Turn   | Place    | Note
-------+----------+-------------------------------------------
     0 | D:1      | Essalna the Demonspawn Berserker began the quest for the
                  | Orb.
     0 | D:1      | Reached XP level 1. HP: 18/18 MP: 1/1
   153 | D:1      | Gained mutation: You are slightly more attuned to the
                  | shadows. [demonic ancestry]
   153 | D:1      | Reached XP level 2. HP: 17/24 MP: 2/2
   337 | D:1      | Slain by a leopard gecko

Levels and vault maps discovered:
D:1:      lemuel_arrival_muddy, layout_basic, minmay_tromino_i2

Skill      XL: |  1  2 |
---------------+-------+-----
Armour         | 2 |  2.1
Long Blades    | 3 |  3.0
Fighting       | |  3.3
Dodging        | |  1.7

Action                   || total
-------------------------++-------
Melee: Falchion          ||    26
Armor: Animal skin       ||     8
Dodge: Dodged            ||    38
       Rpst.: Falchion   ||    16

Table legend:
 A = Non-vault XP
 B = Vault XP
 C = Vault XP percentage of total XP
 D = Non-vault monster count
 E = Vault monster count
 F = Vault count percentage of total count
                 A         B        C        D         E       F
            +---------+---------+-------+---------+---------+-------
      Total |      23 |       0 |   0.0 |      13 |       0 |   0.0
            +---------+---------+-------+---------+---------+-------
        D:1 |      23 |       0 |   0.0 |      13 |       0 |   0.0
            +---------+---------+-------+---------+---------+-------
